 Dungeon Crawl Stone Soup version 0.27.1-2-g3b301248ec (webtiles) character file.

Game seed: 9580261990181981241

49 ABBCCCDDDD the Skirmisher (level 3, 0/26 HPs)
             Began as an Octopode Abyssal Knight on Sept 26, 2021.
             Was a Believer of Lugonu.
             Succumbed to an adder's poison
             ... on level 3 of the Dungeon.
             The game lasted 00:01:57 (2007 turns).

ABBCCCDDDD the Skirmisher (Octopode Abyssal Knight) Turns: 2007, Time: 00:01:58

Health: 0/26       AC:  1    Str: 17    XL:     3   Next: 77%
Magic:  5/5        EV: 13    Int: 15    God:    Lugonu [**....]
Gold:   73         SH:  0    Dex: 11    Spells: 2/2 levels left

rFire    . . .     SeeInvis .   a - +1 falchion
rCold    . . .     Faith    .   (no shield)
rNeg     . . .     Spirit   .   (helmet restricted)
rPois    .         Reflect  .   (no amulet)
rElec    .         Harm     .   j - +6 ring of strength
rCorr    .         Rampage  .   (no ring)
Will     .....                  (no ring)
Stlth    ++........             (no ring)
HPRegen  0.08/turn              (no ring)
MPRegen  0.09/turn              (no ring)
                                (no ring)
                                (no ring)

@: lethally poisoned (0 -> -3), attractive
A: almost no armour, amphibious, 8 rings, camouflage 1, gelatinous body 1,
(nimble swimmer 1), tentacles
a: Renounce Religion, Depart the Abyss, Bend Space


You were on level 3 of the Dungeon.
You worshipped Lugonu.
Lugonu was pleased with you.
You visited 1 branch of the dungeon, and saw 3 of its levels.
You visited the Abyss 1 time.

You collected 73 gold pieces.

Inventory:

Hand Weapons
 a - a +1 falchion (weapon)
Missiles
 d - 17 poisoned darts (quivered)
Jewellery
 j - a +6 ring of strength (left tentacle)
Wands
 b - a wand of flame (27)
Scrolls
 c - a scroll of silence {unknown}
 g - a scroll of teleportation {unknown}
 h - a scroll of identify {unknown}
 i - a scroll of enchant armour {unknown}
Potions
 f - a potion of attraction


   Skills:
 + Level 3.5 Fighting
 + Level 2.8 Long Blades
 - Level 2.3 Dodging
 + Level 2.9 Invocations


You had 2 spell levels left.
You didn't know any spells.
Your spell library was empty.

Dungeon Overview and Level Annotations

Branches:
Dungeon (3/15)

Altars:

Annotations:
D:2 Terence


Innate Abilities, Weirdness & Mutations

You cannot wear most types of armour.
You are amphibious.
You can wear up to eight rings at the same time.
Your skin changes colour to match your surroundings (Stealth+).
Your rubbery body absorbs attacks. (AC +1, EV +1)
((You are camouflaged near water. (Stealth+)))
You have tentacles for arms and can constrict up to eight enemies at once.


Message History

The adder is severely wounded.
You hit the adder. Your grab misses the adder. Your squeeze misses the adder.
The adder is almost dead.
You feel very sick. The adder bites you.
You are lethally poisoned!
The adder poisons you!
You are too injured to fight recklessly!
You are too injured to fight recklessly!
You barely miss the adder. Your grab misses the adder.
The adder is almost dead.
You feel very sick. The adder bites you.
* * * LOW HITPOINT WARNING * * *
The adder barely misses you.
You riposte.
You miss the adder. Your grab misses the adder.
The adder is almost dead.
It was a potion of attraction.
You feel attractive to monsters.
* * * LOW HITPOINT WARNING * * *
You feel sick. The adder barely misses you.
It was a potion of magic.
Magic courses through your body.
* * * LOW HITPOINT WARNING * * *
You feel sick. The adder misses you.
You riposte.
You barely miss the adder. Your grab misses the adder.
Your squeeze misses the adder.
The adder is almost dead.
The adder barely misses you.
You riposte.
You hit the adder but do no damage. Your grab misses the adder.
You squeeze the adder.
You kill the adder!
Lugonu accepts your kill.
* * * LOW HITPOINT WARNING * * *
You feel sick.
* * * LOW HITPOINT WARNING * * *
You feel sick.
Found a faded altar of an unknown god.
* * * LOW HITPOINT WARNING * * *
You feel sick.
A kobold comes into view. It is wielding a +0 dagger.
Found 19 stones.
You die...

.........
#.##....#####.#
#......<......#
#.##....###.###
##.#.# #.#.# #
#.#
###.#.######(.
#.^^..@.......
...._..#####...K
###^^^# . #.#.
..#.. ###.# #.


You could see a kobold (asleep).

Levels and vault maps discovered:
D:1:      dpeg_arrival_rooms_with_view, layout_basic
D:2:      layout_loops_corners, kennysheep_boxes, uniq_terence
D:3:      layout_loops_ring, ebering_ecumenical_altar_webs,
          cheibrodos_sewer_entry_drain, kennysheep_decorative_pillar

Notes
Turn   | Place    | Note
-------+----------+-------------------------------------------
     0 | Abyss:1  | ABBCCCDDDD the Octopode Abyssal Knight began the quest for
                  | the Orb.
     0 | Abyss:1  | Reached XP level 1. HP: 16/16 MP: 2/2
    50 | Abyss:1  | Noticed a neqoxec
    82 | Abyss:2  | Noticed a smoke demon
    86 | D:1      | Escaped the Abyss
   507 | D:1      | Reached * piety under Lugonu
   658 | D:1      | Reached XP level 2. HP: 18/21 MP: 3/3
  1274 | D:1      | Reached XP level 3. HP: 24/26 MP: 4/4
  1600 | D:2      | Reached ** piety under Lugonu
  1890 | D:2      | Noticed Terence
  2006 | D:3      | Found a faded altar of an unknown god.
  2006 | D:3      | HP: 1/26 [poisoned by an adder]
  2007 | D:3      | Succumbed to an adder's poison

Table legend: (Time is in decaauts)
 A = Elapsed time spent in this place.
 B = Non-inter-level travel time spent in this place.
 C = Inter-level travel time spent in this place.
 D = Time resting spent in this place.
 E = Time spent auto-exploring this place.
 F = Levels seen in this place.
 G = Mean time per level.
                   A        B        C        D        E       F      G
               +--------+--------+--------+--------+--------+-----+--------+
         Total |   2016 |   2000 |     16 |    481 |   1132 |   5 |  403.2 |
       Dungeon |   1930 |   1914 |     16 |    481 |   1088 |   3 |  643.3 |
         Abyss |     85 |     85 |      0 |      0 |     44 |   2 |   42.5 |
               +--------+--------+--------+--------+--------+-----+--------+

Top non-repeatable levels by time:
     D:1: 1454 daAuts
     D:2: 465 daAuts
 Abyss:1: 54 daAuts
 Abyss:2: 31 daAuts
     D:3: 11 daAuts

Table legend:
 A = Kills in this place as a percentage of kills in entire the game.
 B = Kills by you in this place as a percentage of kills by you in the entire game.
 C = Kills by friends in this place as a percentage of kills by friends in the entire game.
 D = Other kills in this place as a percentage of other kills in the entire game.
 E = Experience gained in this place as a percentage of experience gained in the entire game.
 F = Experience gained in this place divided by the number of levels of this place that you have seen.
                   A       B       C       D       E      F
               +-------+-------+-------+-------+-------+----------------------
         Total | 100.0 | 100.0 |   N/A |   N/A | 100.0 |  14.2
       Dungeon | 100.0 | 100.0 |   N/A |   N/A | 100.0 |  23.7
               +-------+-------+-------+-------+-------+----------------------

Action                   || total
-------------------------++-------
Melee: Falchion          ||    59
       Constrict         ||    13
       Tentacles         ||     7
Invok: Depart the Abyss  ||     1
  Use: Potion            ||     2
 Stab: Sleeping          ||     8
Armor: Skin              ||     4
Dodge: Dodged            ||    36
       Rpst.: Falchion   ||    17

Vanquished Creatures
  An adder (D:3)
  5 bats
  6 endoplasms
  A giant cockroach (D:1)
  3 goblins
  6 hobgoblins
  4 kobolds (D:1)
  3 quokkas
  A ball python (D:1)
  3 frilled lizards
  3 rats (D:1)
36 creatures vanquished.

Vanquished Creatures (others)
  40 plants (D:2)
40 creatures vanquished.

Grand Total: 76 creatures vanquished
